 Dungeon Crawl Stone Soup version 0.30.1-9-gdf580d7c3d (webtiles) character file.

Game seed: 16924180702265033676

10 monsoonserge the Ducker (level 2, -2/23 HPs)
             Began as a Merfolk Gladiator on Oct 9, 2023.
             Was a Follower of Nemelex Xobeh.
             Slain by a worm (7 damage)
             ... on level 2 of the Dungeon.
             The game lasted 00:01:05 (632 turns).

monsoonserge the Ducker (Merfolk Gladiator)          Turns: 632, Time: 00:01:06

Health: -2/23      AC:  4    Str: 14    XL:     2   Next: 20%
Magic:  2/2        EV: 13    Int:  7    God:    Nemelex Xobeh [*.....]
Gold:   67         SH:  0    Dex: 15    Spells: 1/1 levels left

rFire   . . .        a - +0 long sword
rCold   . . .        (no shield)
rNeg    . . .        b - +0 leather armour
rPois   .            c - +0 helmet
rElec   .            (no cloak)
rCorr   .            (no gloves)
SInv    .            (no boots)
Will    .....        (no amulet)
Stlth   +            (no ring)
HPRegen 0.23/turn    (no ring)
MPRegen 0.08/turn

%: no passive effects
@: no status effects
A: (nimble swimmer 2), mertail
a: Renounce Religion, Draw Escape, Draw Destruction, Draw Summoning


You were on level 2 of the Dungeon.
You worshipped Nemelex Xobeh.
Nemelex Xobeh was aware of your devotion.
You visited 1 branch of the dungeon, and saw 2 of its levels.

You collected 67 gold pieces.

Inventory:

Hand Weapons
 a - a +0 long sword (weapon)
Missiles
 d - 3 throwing nets (quivered)
 e - a javelin
Armour
 b - a +0 leather armour (worn)
 c - a +0 helmet (worn)
Scrolls
 f - 2 scrolls of immolation {unknown}
 i - a scroll of identify {unknown}
 k - a scroll of magic mapping {unknown}
Potions
 g - a potion of mutation {unknown}
 h - 2 potions of degeneration {unknown}
 j - a potion of might {unknown}


   Skills:
 + Level 2.3 Fighting
 + Level 3.9 Long Blades
 + Level 2.0 Throwing
 + Level 4.3 Dodging
 * Level 0.2 Invocations


You had one spell level left.
You didn't know any spells.
Your spell library contained the following spells:

 Spells                   Type           Power      Damage    Failure   Level
 Beastly Appendage        Tmut           0%         N/A       52%         1
 Wereblood                Tmut           0%         N/A       65%         2
 Spider Form              Tmut/Pois      0%         N/A       87%         3


Dungeon Overview and Level Annotations

Branches:
Dungeon (2/15)

Altars:
Nemelex Xobeh


Innate Abilities, Weirdness & Mutations

((You are very nimble when in or above water. (Stealth+, EV+, Speed+++)))
Your lower body shifts to a powerful aquatic tail in water.


Message History

The hobgoblin shouts!
You hear a shout!
The hobgoblin closely misses you.
You hear a shout!
You barely miss the hobgoblin.
The hobgoblin hits you but does no damage.
A hobgoblin comes into view.
A jackal comes into view.
The jackal barks!
You slash the hobgoblin!
You kill the hobgoblin!
You closely miss the hobgoblin. The hobgoblin hits you.
You closely miss the hobgoblin. The hobgoblin hits you.
A worm comes into view.
You hit the hobgoblin.
The hobgoblin is severely wounded.
The hobgoblin barely misses you. The hobgoblin closely misses you.
You hit the hobgoblin.
The hobgoblin is almost dead.
An adder comes into view.
The hobgoblin hits you.
The adder hisses angrily.
You hit the hobgoblin.
You kill the hobgoblin!
A hobgoblin comes into view.
Found 6 stones.
The worm closely misses you.
Things that are here:
a hobgoblin corpse; a hobgoblin corpse You slash the worm!
The worm is heavily wounded.
The worm bites you.
You hit the worm but do no damage.
The worm is heavily wounded.
You hit the worm but do no damage.
The worm is heavily wounded.
The worm bites you!
* * * LOW HITPOINT WARNING * * *
You slash the worm!
The worm is severely wounded.
The worm bites you!
You die...
Your body disappears without a glow. .. ... # #.. #. #.#g# #.. (#S# #.. ## wg#

#..##.#w#
#.#.#@# #..#.##
#..#####..
#........#
..#####.##.....#
#........#.....+
#######..+ ....#
#.## <...#
#######.# ...###


You could see 2 worms, an adder and 2 hobgoblins.

Vanquished Creatures
  2 dart slugs (D:1)
  An endoplasm (D:1)
  2 hobgoblins (D:2)
  A frilled lizard (D:1)
6 creatures vanquished.

Notes
Turn   | Place    | Note
-------+----------+-------------------------------------------
     0 | D:1      | monsoonserge the Merfolk Gladiator began the quest for the
                  | Orb.
     0 | D:1      | Reached XP level 1. HP: 16/16 MP: 1/1
   137 | D:1      | Found a faded altar of an unknown god.
   145 | D:1      | Prayed at the altar of an unknown god.
   145 | D:1      | Became a worshipper of Nemelex Xobeh the Trickster
   145 | D:1      | Reached * piety under Nemelex Xobeh
   145 | D:1      | Received a gift from Nemelex Xobeh
   285 | D:1      | Reached XP level 2. HP: 22/22 MP: 2/2
   632 | D:2      | Slain by a worm

Illustrated notes

Levels and vault maps discovered:
D:1:      erik_arrival_blinker_ship, layout_loops_ring,
          hellmonk_ecumenical_altar_run_dry
D:2:      layout_basic, minmay_circle_x

Action                     || total
---------------------------++-------
  Melee: Long sword        ||    23
 Armour: Leather armour    ||     3
  Dodge: Dodged            ||    10
